 Dungeon Crawl Stone Soup version 0.22-a0-283-g1871b15 (webtiles) character file.

72 nikopol the Magician (level 4, 0/24 HPs)
             Began as a Deep Elf Fire Elementalist on Mar 19, 2018.
             Killed by divine providence
             ... invoked by an orc priest
              (10 damage)
             ... on level 3 of the Dungeon.
             The game lasted 00:05:26 (2020 turns).

nikopol the Magician (Deep Elf Fire Elementalist)   Turns: 2020, Time: 00:05:26

Health: 0/24       AC:  3    Str:  5    XL:     4   Next: 7%
Magic:  3/12       EV: 13    Int: 21    God:
Gold:   72         SH:  0    Dex: 15    Spells: 5/11 levels left

rFire    . . .     SeeInvis .   (no weapon)
rCold    . . .     Gourm    .   (no shield)
rNeg     . . .     Faith    .   a - +0 robe
rPois    .         Spirit   .   (no helmet)
rElec    .         Reflect  .   (no cloak)
rCorr    .         Harm     .   d - +0 pair of gloves
MR       .....                  (no boots)
Stlth    ++........             (no amulet)
HPRegen  0.08/turn              (no ring)
MPRegen  0.13/turn              (no ring)

@: very slightly contaminated
A: no striking features
a: no special abilities


You were on level 3 of the Dungeon.
You were not hungry.

You visited 1 branch of the dungeon, and saw 3 of its levels.

You collected 72 gold pieces.

Inventory:

Armour
 a - a +0 robe (worn)
 d - a +0 pair of gloves (worn)
Scrolls
 b - a scroll of fog {unknown}
 e - a scroll of fear {unknown}
 f - a scroll of remove curse {unknown}
 j - a scroll of teleportation {unknown}
 k - 2 scrolls of identify {unknown}
 l - a scroll of blinking {unknown}
 n - a scroll of amnesia {unknown}
Potions
 g - a potion of degeneration {unknown}
 h - 2 potions of haste {unknown}
 i - a potion of mutation {unknown}
 m - 2 potions of curing {unknown}
Comestibles
 c - 5 rations
 o - 5 chunks of flesh


   Skills:
 + Level 2.8 Dodging
 + Level 2.8 Stealth
 + Level 4.3 Spellcasting
 + Level 1.7 Conjurations
 + Level 4.1 Fire Magic


You had 5 spell levels left.
You knew the following spells:

 Your Spells              Type           Power        Failure   Level  Hunger
a - Flame Tongue          Conj/Fire      ###..        3%          1    None
b - Throw Flame           Conj/Fire      ###...       5%          2    #......
c - Conjure Flame         Conj/Fire      ###.....     11%         3    ##.....


Dungeon Overview and Level Annotations

Branches:
Dungeon (3/15)

Altars:
Ashenzari
Qazlal
Ru


Message History

The flame tongue hits the orc.
You kill the orc!
Casting: Flame Tongue (safe; 3% risk of failure)
Confirm with . or Enter, or press ? or * to list all spells.
Aiming: Flame Tongue (safe; 3% risk of failure)
Press: ? - help, Shift-Dir - straight line, f - orc priest
Aim: an orc priest, wielding a hand axe and wearing a ring mail You miscast Flame Tongue.
Nothing appears to happen.
The orc priest mumbles some strange prayers to Beogh against you.
Pain shoots through your body!
Ouch! That really hurt!
Casting: Flame Tongue (safe; 3% risk of failure)
Confirm with . or Enter, or press ? or * to list all spells.
Aiming: Flame Tongue (safe; 3% risk of failure)
Press: ? - help, Shift-Dir - straight line, f/p - orc priest
Aim: an orc priest, wielding a hand axe and wearing a ring mail The flame tongue misses the orc priest.
The orc priest invokes the aid of Beogh against you.
Beogh smites you!
You die...

# #.####.#......_.......#
# #........#..#...####..#
######(###..##.## ##.# #.#
#.....# #......ow. #.#
#.....# #...##....
#.#######.# #####.# .$
.####....####.#
#.###o#.o.o
#.........)<).## ##.....o#
######.##.####@###.##..###
#.##(# ##ยง#..# .##
#.##.######o#.# .#
#.........#.#.# .#
#.##.####.#.#.# .# #.. #.#
#.... .. .. ..# ##### ..
## .### .#


You could see an orc priest.

Vanquished Creatures
  An adder (D:3)
  3 worms
  2 dart slugs
  2 leopard geckos
  5 orcs (D:3)
  6 bats
  2 giant cockroaches
  4 goblins
  4 hobgoblins
  A quokka (D:2)
  5 frilled lizards
  4 kobolds
  5 rats
44 creatures vanquished.

Notes
Turn   | Place    | Note
-------+----------+-------------------------------------------
     0 | D:1      | nikopol the Deep Elf Fire Elementalist began the quest for the Orb.
     0 | D:1      | Reached XP level 1. HP: 10/10 MP: 6/6
   201 | D:1      | Reached XP level 2. HP: 15/15 MP: 3/8
  1002 | D:2      | Found a sacrificial altar of Ru.
  1119 | D:2      | Learned a level 2 spell: Throw Flame
  1132 | D:2      | Reached XP level 3. HP: 17/19 MP: 5/10
  1137 | D:2      | Learned a level 3 spell: Conjure Flame
  1780 | D:3      | Found a shattered altar of Ashenzari.
  1824 | D:3      | Found a stormy altar of Qazlal.
  1840 | D:3      | Noticed an orc warrior
  1935 | D:3      | Reached XP level 4. HP: 24/24 MP: 6/12
  2020 | D:3      | Killed from afar by an orc priest

Vault maps used:
D:1:      lemuel_arrival_cross
D:2:      nicolae_ru_path_of_blood, first_ration
D:3:      cheibrodos_ashenzari_chains, nicolae_overflow_crystal_walls

Skill      XL: |  1  2  3 |
---------------+----------+-----
Fire Magic     | 4 |  4.1
Spellcasting   | 4 |  4.3
Dodging        | |  2.8
Stealth        | |  2.8
Conjurations   | |  1.7

Action                   |  1- 3 |  4- 6 || total
-------------------------+-------+-------++-------
 Cast: Flame Tongue      |    82 |     7 ||    89
       Throw Flame       |     1 |       ||     1
       Conjure Flame     |       |     1 ||     1
  Eat: Chunk             |     3 |       ||     3
Armor: Robe              |     5 |       ||     5
Dodge: Dodged            |    14 |     2 ||    16

Table legend:
 A = Spawn XP
 B = Non-spawn XP
 C = Spawn XP percentage of total XP
 D = Spawn monster count
 E = Non-spawn monster count
 F = Spawn count percentage of total count
 G = Total turns spent on level
                    A         B        C        D         E        F      G
               +---------+---------+-------+---------+---------+-------+---------
         Total |       0 |     104 |   0.0 |       0 |      44 |   0.0 |  2020
               +---------+---------+-------+---------+---------+-------+---------
           D:1 |       0 |      24 |   0.0 |       0 |      15 |   0.0 |   898
           D:2 |       0 |      30 |   0.0 |       0 |      13 |   0.0 |   780
           D:3 |       0 |      50 |   0.0 |       0 |      16 |   0.0 |   342
               +---------+---------+-------+---------+---------+-------+---------
